[Event "SM-gruppen"]
[Site "Växjö"]
[Date "2008.06.28"]
[Round "1"]
[White "Karlsson, Lars"]
[Black "Berg, Emanuel"]
[Result "0-1"]
[WhiteElo "2475"]
[BlackElo "2601"]
[PlyCount "77"]
[TimeControl "40/7200:20/3600:1800"]

1. f4 d5 2. Nf3 g6 3. e3 Bg7 4. Be2 Nd7 5. Nc3 c6 6. d4 Nh6 7. e4 dxe4 8. Nxe4
Nf6 9. Nxf6+ Bxf6 10. c3 Bg4 11. Qb3 Qc7 12. Ne5 Bxe2 13. Kxe2 e6 14. g4 Ng8
15. Be3 Ne7 16. c4 O-O 17. Nf3 b5 18. c5 Nd5 19. g5 Bg7 20. h4 Nxf4+ 21. Bxf4
Qxf4 22. h5 Qe4+ 23. Qe3 Qc2+ 24. Qd2 Qxd2+ 25. Kxd2 Rad8 26. Ke3 e5 27. dxe5
Bxe5 28. Rad1 Bxb2 29. Rd6 Ba3 30. Rxc6 Rc8 31. Rxc8 Rxc8 32. h6 Rxc5 33. Rd1
Kf8 34. Rd8+ Ke7 35. Ra8 Bc1+ 36. Ke4 Bxg5 37. Rxa7+ Ke8 38. Nxg5 Rxg5 39. Ra8+
0-1

[Event "SM-gruppen"]
[Site "Växjö"]
[Date "2008.06.28"]
[Round "1"]
[White "Smith, Axel"]
[Black "Tikkanen, Hans"]
[Result "1/2-1/2"]
[WhiteElo "2428"]
[BlackElo "2442"]
[PlyCount "45"]
[TimeControl "40/7200:20/3600:1800"]

1. e4 e5 2. Nf3 Nc6 3. Bb5 a6 4. Ba4 Nf6 5. O-O Nxe4 6. d4 b5 7. Bb3 d5 8. dxe5
Be6 9. Nbd2 Be7 10. c3 O-O 11. Bc2 f5 12. Nb3 Qd7 13. Nfd4 Nxd4 14. Nxd4 c5 15.
Nxe6 Qxe6 16. f3 Ng5 17. a4 b4 18. cxb4 Nf7 19. bxc5 Bxc5+ 20. Kh1 Nxe5 21. Re1
f4 22. Bd2 Qd6 23. b4 1/2-1/2

[Event "SM-gruppen"]
[Site "Växjö"]
[Date "2008.06.28"]
[Round "1"]
[White "Åkesson, Ralf"]
[Black "Agrest, Evgenij"]
[Result "1/2-1/2"]
[WhiteElo "2466"]
[BlackElo "2567"]
[PlyCount "111"]
[TimeControl "40/7200:20/3600:1800"]

1. d4 d5 2. c4 c6 3. Nf3 Nf6 4. e3 Bg4 5. h3 Bh5 6. cxd5 Bxf3 7. Qxf3 cxd5 8.
Nc3 Nc6 9. Bd2 a6 10. Rc1 Rc8 11. Bd3 e5 12. dxe5 Nxe5 13. Qe2 Bd6 14. O-O O-O
15. Rfd1 Qe7 16. Be1 Rcd8 17. Bc2 Ng6 18. Bb3 Qe5 19. g3 Bb8 20. Qf3 Ne7 21.
Ne2 Ne4 22. Bb4 Bd6 23. Bc3 Qe6 24. Qg4 Nxc3 25. Nxc3 Be5 26. Qxe6 fxe6 27. e4
Kh8 28. f4 Bxc3 29. Rxc3 dxe4 30. Rxd8 Rxd8 31. Bxe6 Nc6 32. Kf2 Rd2+ 33. Ke3
Rxb2 34. Bd5 g6 35. Bxc6 bxc6 36. a3 Kg7 37. Kxe4 Rb5 38. Rxc6 Rb3 39. g4 Rxa3
40. Rc7+ Kg8 41. Rc8+ Kg7 42. Rc7+ Kg8 43. Ke5 Rb3 44. Kf6 Rb6+ 45. Kg5 h5 46.
gxh5 gxh5 47. Ra7 Rb3 48. h4 Ra3 49. f5 a5 50. Kxh5 Rg3 51. Kh6 a4 52. Rxa4 Kf7
53. Ra6 Rg1 54. h5 Rf1 55. Kg5 Rg1+ 56. Kf4 1/2-1/2

[Event "SM-gruppen"]
[Site "Växjö"]
[Date "2008.06.28"]
[Round "1"]
[White "Brynell, Stellan"]
[Black "Carlsson, Pontus"]
[Result "1/2-1/2"]
[WhiteElo "2461"]
[BlackElo "2513"]
[PlyCount "32"]
[TimeControl "40/7200:20/3600:1800"]

1. d4 Nf6 2. Nf3 e6 3. c4 b6 4. g3 Ba6 5. b3 Bb4+ 6. Bd2 Be7 7. Bg2 c6 8. Bc3
d5 9. Nbd2 Nbd7 10. O-O O-O 11. Qc2 Bb7 12. e4 dxe4 13. Nxe4 c5 14. Nxf6+ Nxf6
15. dxc5 Be4 16. Qb2 bxc5 1/2-1/2

[Event "SM-gruppen"]
[Site "Växjö"]
[Date "2008.06.28"]
[Round "1"]
[White "Lindberg, Bengt"]
[Black "Grandelius, Nils"]
[Result "1/2-1/2"]
[WhiteElo "2442"]
[BlackElo "2388"]
[PlyCount "90"]
[TimeControl "40/7200:20/3600:1800"]

1. e4 e5 2. Nf3 Nc6 3. Bb5 Nf6 4. O-O Nxe4 5. Re1 Nd6 6. Nxe5 Be7 7. Bf1 O-O 8.
d4 Nf5 9. Nf3 d5 10. c3 Bd6 11. g3 Nfe7 12. Nh4 Be6 13. Bd3 Re8 14. Nd2 Qd7 15.
Nf1 Ng6 16. Ng2 Nce7 17. Nfe3 Rad8 18. Bd2 c5 19. Nc2 Bf5 20. Bf1 Nc6 21. Bg5
Rxe1 22. Ngxe1 Re8 23. Be3 Bg4 24. Qd2 cxd4 25. Nxd4 Nge5 26. Nxc6 bxc6 27. Bf4
Qf5 28. Bxe5 Qxe5 29. Nd3 Qf6 30. Re1 Rxe1 31. Nxe1 g6 32. Nc2 Bc5 33. Nd4 Kg7
34. a4 Bb6 35. h3 Bd7 36. b3 h5 37. h4 Qe5 38. Kh2 Qf6 39. Bg2 Bc7 40. Kg1 Be5
41. b4 Qe7 42. Nb3 Bf6 43. f4 Bg4 44. Kf2 Bd7 45. Bf3 Bh3 1/2-1/2

[Event "SM-gruppen"]
[Site "Växjö"]
[Date "2008.06.28"]
[Round "1"]
[White "Hillarp-Persson, Tiger"]
[Black "Nithander, Victor"]
[Result "1-0"]
[WhiteElo "2491"]
[BlackElo "2319"]
[PlyCount "75"]
[TimeControl "40/7200:20/3600:1800"]

1. d4 Nf6 2. c4 g6 3. Nc3 Bg7 4. Nf3 O-O 5. Bg5 d6 6. e3 c5 7. d5 h6 8. Bh4 g5
9. Bg3 Nh5 10. Nd2 Nxg3 11. hxg3 f5 12. Qc2 Nd7 13. Be2 Nf6 14. Rd1 e6 15. dxe6
Bxe6 16. Bf3 Qe7 17. O-O Rad8 18. b3 Kh8 19. Qd3 Ng4 20. Bd5 Bc8 21. Nf3 Qf6
22. Ne2 a6 23. Rb1 Ne5 24. Qc2 Nc6 25. a3 Ne7 26. Rfd1 b5 27. b4 Nxd5 28. cxd5
cxb4 29. axb4 Bb7 30. Qc7 Rf7 31. Qb6 Rdf8 32. Rbc1 Qb2 33. Qxd6 Rf6 34. Qc7
R6f7 35. Qa5 Rd7 36. Nfd4 Bxd4 37. Nxd4 Bxd5 38. Rc2 1-0

[Event "SM-gruppen"]
[Site "Växjö"]
[Date "2008.06.28"]
[Round "1"]
[White "Hector, Jonny"]
[Black "Hedman, Erik"]
[Result "1-0"]
[WhiteElo "2532"]
[BlackElo "2363"]
[PlyCount "57"]
[TimeControl "40/7200:20/3600:1800"]

1. d4 d5 2. Nc3 Nf6 3. Bg5 Nbd7 4. Qd3 h6 5. Bh4 c6 6. Nf3 Qa5 7. a3 e6 8. Nd2
Be7 9. f3 e5 10. e4 dxe4 11. Ndxe4 O-O 12. Be2 Re8 13. O-O Nxe4 14. Qxe4 f5 15.
Bc4+ Kh8 16. Qe1 Bxh4 17. Qxh4 Qb6 18. Ne2 exd4 19. Nf4 Nf8 20. Qh5 Re7 21.
Rae1 Qd8 22. Qh4 Rd7 23. Qg3 Rd6 24. Bf7 Qf6 25. Ng6+ Nxg6 26. Re8+ Kh7 27.
Bg8+ Kh8 28. Be6+ Nf8 29. Qxd6 1-0

[Event "SM-gruppen"]
[Site "Växjö"]
[Date "2008.06.29"]
[Round "2"]
[White "Grandelius, Nils"]
[Black "Karlsson, Lars"]
[Result "1/2-1/2"]
[WhiteElo "2388"]
[BlackElo "2475"]
[PlyCount "78"]
[TimeControl "40/7200:20/3600:1800"]

1. e4 e6 2. d4 d5 3. Nc3 Bb4 4. e5 c5 5. a3 Bxc3+ 6. bxc3 Ne7 7. Qg4 Nf5 8. Bd3
h5 9. Qf4 Nc6 10. Nf3 Rh6 11. O-O c4 12. Bxf5 exf5 13. Nh4 Ne7 14. Qg3 Rh7 15.
Bg5 Be6 16. Qf4 Qd7 17. Bxe7 Kxe7 18. Rfb1 Kd8 19. Rb4 Kc7 20. Rab1 b6 21. a4
Rhh8 22. g3 Rhg8 23. Nf3 Rgb8 24. Nd2 a6 25. Nf1 b5 26. Qc1 Rb6 27. Qa3 Rab8
28. axb5 axb5 29. Qa5 Kc8 30. h4 f4 31. gxf4 Bf5 32. Ng3 Bxc2 33. Ra1 Qh3 34.
Qa7 Qe6 35. Ra5 R8b7 36. Qa8+ Rb8 37. Qa7 R8b7 38. Qa8+ Rb8 39. Qa7 R8b7
1/2-1/2

[Event "SM-gruppen"]
[Site "Växjö"]
[Date "2008.06.29"]
[Round "2"]
[White "Carlsson, Pontus"]
[Black "Hillarp-Persson, Tiger"]
[Result "0-1"]
[WhiteElo "2513"]
[BlackElo "2491"]
[PlyCount "80"]
[TimeControl "40/7200:20/3600:1800"]

1. e4 c5 2. Nf3 e6 3. d4 cxd4 4. Nxd4 a6 5. Bd3 Bc5 6. Nb3 Be7 7. Qg4 g6 8. Qe2
d6 9. O-O Nd7 10. Na3 b6 11. Nc4 Qc7 12. a4 Bb7 13. a5 b5 14. Nb6 Nxb6 15. axb6
Qxb6 16. Na5 Nf6 17. Be3 Qc7 18. Bxb5+ axb5 19. Qxb5+ Qd7 20. Qxb7 Qxb7 21.
Nxb7 Kd7 22. f3 Rhb8 23. Rxa8 Rxa8 24. Bd4 e5 25. Bc3 Ke6 26. Re1 Nd7 27. Na5
Rc8 28. Re2 Bd8 29. Bb4 Nf6 30. c3 d5 31. Nb3 Bb6+ 32. Kf1 dxe4 33. fxe4 Ng4
34. h3 Ne3+ 35. Ke1 f5 36. Kd2 Rd8+ 37. Ke1 Rd1+ 38. Kf2 Rf1+ 39. Kg3 f4+ 40.
Kh2 Rd1 0-1

[Event "SM-gruppen"]
[Site "Växjö"]
[Date "2008.06.29"]
[Round "2"]
[White "Nithander, Victor "]
[Black "Lindberg, Bengt "]
[Result "1/2-1/2"]
[WhiteElo "2319"]
[BlackElo "2442"]
[PlyCount "55"]
[TimeControl "40/7200:20/3600:1800"]

1. e4 c5 2. Nf3 d6 3. d4 cxd4 4. Nxd4 Nf6 5. Nc3 a6 6. Be2 e5 7. Nb3 Be7 8. O-O
O-O 9. Kh1 b6 10. Be3 Bb7 11. f3 Nbd7 12. a4 Rc8 13. Qd2 Rc7 14. Rfd1 Qa8 15.
Nd5 Nxd5 16. exd5 f5 17. c4 a5 18. f4 Bf6 19. fxe5 Bxe5 20. Nd4 Nc5 21. Qc2
Rcf7 22. Bf3 f4 23. Bf2 Bxd4 24. Bxd4 Bc8 25. Re1 Bf5 26. Qc3 Qc8 27. b3 Qd8
28. Ra2 1/2-1/2

[Event "SM-gruppen"]
[Site "Växjö"]
[Date "2008.06.29"]
[Round "2"]
[White "Smith, Axel"]
[Black "Åkesson, Ralf"]
[Result "1/2-1/2"]
[WhiteElo "2428"]
[BlackElo "2466"]
[PlyCount "37"]
[TimeControl "40/7200:20/3600:1800"]

1. d4 Nf6 2. c4 e6 3. Nf3 b6 4. g3 Bb7 5. Bg2 Bb4+ 6. Bd2 a5 7. O-O O-O 8. Bf4
Be7 9. Nc3 Ne4 10. Nxe4 Bxe4 11. d5 Na6 12. d6 cxd6 13. Bxd6 Nc5 14. Qd4 Bxd6
15. Qxd6 Qb8 16. Rfd1 Bxf3 17. Bxf3 Qxd6 18. Rxd6 Rab8 19. e3 1/2-1/2

[Event "SM-gruppen"]
[Site "Växjö"]
[Date "2008.06.29"]
[Round "2"]
[White "Hedman, Erik"]
[Black "Brynell, Stellan"]
[Result "1/2-1/2"]
[WhiteElo "2363"]
[BlackElo "2461"]
[PlyCount "55"]
[TimeControl "40/7200:20/3600:1800"]

1. e4 e5 2. Nf3 Nc6 3. Bb5 a6 4. Bxc6 dxc6 5. Nc3 f6 6. d4 exd4 7. Nxd4 c5 8.
Nde2 Qxd1+ 9. Nxd1 Be6 10. Bf4 O-O-O 11. Ne3 Ne7 12. Rd1 Rxd1+ 13. Kxd1 g6 14.
Kc1 Bg7 15. Rd1 Re8 16. Nc3 Rd8 17. Rxd8+ Kxd8 18. f3 b5 19. b3 g5 20. Bg3 f5
21. exf5 Nxf5 22. Nxf5 Bxc3 23. Ne3 Bd4 24. Kd2 c4 25. bxc4 Bxe3+ 26. Kxe3 Bxc4
27. a3 Kd7 28. h4 1/2-1/2

[Event "SM-gruppen"]
[Site "Växjö"]
[Date "2008.06.29"]
[Round "2"]
[White "Agrest, Evgenij "]
[Black "Hector, Jonny"]
[Result "1/2-1/2"]
[WhiteElo "2567"]
[BlackElo "2532"]
[PlyCount "57"]
[TimeControl "40/7200:20/3600:1800"]

1. c4 Nf6 2. Nc3 e5 3. Nf3 Nc6 4. g3 Nd4 5. Bg2 Nxf3+ 6. Bxf3 Bb4 7. O-O O-O 8.
Bg2 Re8 9. d4 h6 10. Qb3 Bxc3 11. Qxc3 d6 12. dxe5 Rxe5 13. Re1 Ne4 14. Qd4 Qe8
15. b3 f5 16. Bb2 Qf7 17. Rac1 Bd7 18. f3 Nf6 19. Qd3 Re7 20. c5 dxc5 21. Rxc5
c6 22. Re5 Be6 23. Bh3 Nd7 24. Rxe6 Rxe6 25. Bxf5 Re7 26. Bg6 Qe6 27. Bf5 Qf7
28. Bg6 Qe6 29. Bf5 1/2-1/2

[Event "SM-gruppen"]
[Site "Växjö"]
[Date "2008.06.29"]
[Round "2"]
[White "Tikkanen, Hans "]
[Black "Berg, Emanuel"]
[Result "0-1"]
[WhiteElo "2437"]
[BlackElo "2601"]
[PlyCount "70"]
[TimeControl "40/7200:20/3600:1800"]

1. d4 Nf6 2. c4 c5 3. d5 e6 4. Nc3 exd5 5. cxd5 d6 6. e4 g6 7. f4 Bg7 8. Bb5+
Nfd7 9. Be2 O-O 10. Nh3 Na6 11. Nf2 Nc7 12. a4 a6 13. h4 Rb8 14. h5 b5 15. Qd3
Re8 16. g4 c4 17. Qf3 Nc5 18. hxg6 hxg6 19. Be3 b4 20. Ncd1 Nb3 21. Ra2 c3 22.
bxc3 bxc3 23. Qh3 Rb4 24. Bd3 Nxd5 25. exd5 Nc1 26. Rc2 Nxd3+ 27. Nxd3 Rd4 28.
N3f2 Rxd5 29. Kf1 Rh5 30. Qg2 Rxh1+ 31. Qxh1 d5 32. Qf3 d4 33. Bc1 Qd7 34. Ra2
Bb7 35. Qd3 Qd5 0-1

[Event "SM-gruppen"]
[Site "Växjö"]
[Date "2008.06.30"]
[Round "3"]
[White "Åkesson, Ralf"]
[Black "Tikkanen, Hans "]
[Result "1/2-1/2"]
[WhiteElo "2466"]
[BlackElo "2437"]
[PlyCount "99"]
[TimeControl "40/7200:20/3600:1800"]

1. d4 d5 2. c4 e6 3. Nf3 c6 4. e3 Nf6 5. Bd3 Nbd7 6. O-O Bd6 7. Nbd2 O-O 8. e4
e5 9. cxd5 cxd5 10. exd5 exd4 11. Ne4 Nxe4 12. Bxe4 Nc5 13. Bc2 Bg4 14. Qxd4
Bxf3 15. gxf3 Re8 16. Kh1 Re2 17. Bd1 Re5 18. Rg1 Qf6 19. Be3 g6 20. f4 Rf5 21.
Qxf6 Rxf6 22. Bc2 Nd7 23. f5 Rc8 24. Rac1 Be5 25. Bd3 Rxc1 26. Rxc1 Nb6 27. b3
gxf5 28. f4 Bd6 29. a4 Rh6 30. Bxf5 Rh5 31. Be4 Nxd5 32. Bf3 Rf5 33. Bd4 Nxf4
34. Rc8+ Bf8 35. Be4 Rh5 36. Bxb7 a5 37. Bf3 Rh3 38. Rc3 Ne6 39. Bg2 Rh5 40.
Rg3+ Bg7 41. Bb6 Re5 42. Bf1 Kf8 43. Rg1 Bh6 44. Bd3 Bf4 45. Rf1 h6 46. Bc4 Bd2
47. Bc7 Nxc7 48. Rxf7+ Ke8 49. Rxc7 Rg5 50. Rc6 1/2-1/2

[Event "SM-gruppen"]
[Site "Växjö"]
[Date "2008.06.30"]
[Round "3"]
[White "Hillarp-Persson , Tiger"]
[Black "Hedman , Erik"]
[Result "1-0"]
[WhiteElo "2491"]
[BlackElo "2363"]
[PlyCount "59"]
[TimeControl "40/7200:20/3600:1800"]

1. d4 Nf6 2. c4 c5 3. d5 e6 4. Nc3 exd5 5. cxd5 d6 6. e4 g6 7. Nge2 Bg7 8. Ng3
a6 9. a4 h5 10. Be2 Nbd7 11. O-O h4 12. Nh1 O-O 13. Bg5 Qb6 14. Qd2 Re8 15. f3
h3 16. a5 Qc7 17. g4 Ne5 18. Ng3 b5 19. axb6 Qxb6 20. Be3 Re7 21. g5 Ne8 22.
Rfb1 Qb4 23. Nd1 Rb8 24. Qxb4 Rxb4 25. Bd2 Rb3 26. Bc3 Reb7 27. f4 Ng4 28. Bxg7
Nxg7 29. Rxa6 f5 30. Rxd6 1-0

[Event "SM-gruppen"]
[Site "Växjö"]
[Date "2008.06.30"]
[Round "3"]
[White "Karlsson, Lars "]
[Black "Nithander, Victor "]
[Result "0-1"]
[WhiteElo "2475"]
[BlackElo "2319"]
[PlyCount "70"]
[TimeControl "40/7200:20/3600:1800"]

1. Nf3 c5 2. c4 Nf6 3. b3 g6 4. Bb2 Bg7 5. g3 d6 6. Bg2 e5 7. O-O Nc6 8. Nc3
O-O 9. Ne1 Ne7 10. Nd3 Nh5 11. b4 cxb4 12. Nxb4 Be6 13. d3 Rb8 14. a4 f5 15.
Nbd5 Nf6 16. e4 Nexd5 17. cxd5 Bc8 18. exf5 gxf5 19. d4 e4 20. Qb3 b6 21. Rfe1
Bb7 22. f3 Kh8 23. fxe4 fxe4 24. Bh3 Qe8 25. Be6 Qg6 26. Ne2 Bh6 27. Rf1 Ng4
28. h3 Ne3 29. Rxf8+ Rxf8 30. Ba3 Qf6 31. Nf4 Bxf4 32. gxf4 Qxf4 33. Qb2 Qg3+
34. Kh1 Rf2 35. Bxd6 Qg2# 0-1

[Event "SM-gruppen"]
[Site "Växjö"]
[Date "2008.06.30"]
[Round "3"]
[White "Lindberg, Bengt "]
[Black "Carlsson , Pontus"]
[Result "1/2-1/2"]
[WhiteElo "2442"]
[BlackElo "2513"]
[PlyCount "228"]
[TimeControl "40/7200:20/3600:1800"]

1. e4 c5 2. Nf3 d6 3. d4 cxd4 4. Nxd4 Nf6 5. Nc3 a6 6. Be3 e5 7. Nf3 Be7 8. Bc4
O-O 9. O-O Be6 10. Bb3 Nc6 11. Bg5 Nd7 12. Bxe7 Qxe7 13. Nd5 Qd8 14. Qe2 Nc5
15. Rfd1 Kh8 16. c3 f5 17. exf5 Bxf5 18. Ne3 Bd3 19. Rxd3 e4 20. Rd5 exf3 21.
Qc2 Nxb3 22. axb3 fxg2 23. Rad1 Qh4 24. Nxg2 Qg4 25. R1d3 Rae8 26. Rg3 Qe2 27.
Rd2 Qh5 28. f4 Ne7 29. Rg5 Qf7 30. Rxd6 Nf5 31. Rd3 h6 32. Rg4 Re6 33. Qd1 Rfe8
34. h3 Re2 35. Rd2 R2e7 36. Kh2 Qf6 37. Rd8 Kh7 38. Rxe8 Rxe8 39. Qd3 h5 40.
Rg5 g6 41. b4 Kh6 42. Qd2 Qe6 43. Qf2 Qc4 44. Qb6 Qc6 45. Qf2 Qc4 46. Qb6 Qc6
47. Qf2 Re4 48. Qd2 Qc7 49. Kg1 Qe7 50. Qd5 Kh7 51. b3 Re2 52. c4 Re4 53. Kh2
Rd4 54. Qf3 Qe4 55. Qf2 Kh6 56. Qb2 Kh7 57. Qf2 Qd3 58. Qb2 Kh6 59. Qa3 Qe2 60.
Qc1 Qf2 61. Qc3 Kh7 62. Qe1 Rxf4 63. Qe5 Nh4 64. Qxf4 Nf3+ 65. Qxf3 Qxf3 66.
Rg3 Qf6 67. h4 Qd6 68. b5 axb5 69. cxb5 Qe5 70. Kh3 Qf5+ 71. Kh2 Qe5 72. Kh3
Qxb5 73. Re3 Qf5+ 74. Kg3 g5 75. hxg5 Qxg5+ 76. Kh2 Qd5 77. Rg3 Qe5 78. Kh3
Qf5+ 79. Kh2 Qe4 80. Re3 Qd5 81. Rg3 Qe5 82. Kh3 b6 83. Kh2 Qf5 84. Nh4 Qf4 85.
Ng2 Qe5 86. Kh3 Kh6 87. Nh4 Qe6+ 88. Kh2 Qe2+ 89. Ng2 h4 90. Rh3 Qe5+ 91. Kh1
Qa1+ 92. Kh2 Qe5+ 93. Kh1 Kg5 94. Rxh4 Qd5 95. b4 b5 96. Kh2 Qe5+ 97. Kh1 Qd6
98. Kg1 Qg3 99. Kh1 Qxh4+ 100. Nxh4 Kxh4 101. Kg2 Kg4 102. Kf2 Kf4 103. Ke2 Ke4
104. Kd2 Kd4 105. Kc2 Kc4 106. Kc1 Kc3 107. Kb1 Kb3 108. Kc1 Kxb4 109. Kb2 Kc4
110. Kc2 b4 111. Kb2 b3 112. Kb1 Kc3 113. Kc1 b2+ 114. Kb1 Kb3 1/2-1/2

[Event "SM-gruppen"]
[Site "Växjö"]
[Date "2008.06.30"]
[Round "3"]
[White "Hector , Jonny"]
[Black "Smith, Axel"]
[Result "0-1"]
[WhiteElo "2532"]
[BlackElo "2428"]
[PlyCount "102"]
[TimeControl "40/7200:20/3600:1800"]

1. d4 d5 2. Nc3 Nf6 3. Bg5 Nbd7 4. Qd3 e6 5. e4 dxe4 6. Nxe4 Be7 7. Nxf6+ Bxf6
8. Bxf6 Qxf6 9. Nf3 b6 10. Qe4 Rb8 11. Bb5 Bb7 12. Qe3 Bxf3 13. gxf3 Rd8 14.
O-O-O O-O 15. h4 Nb8 16. c4 Rd6 17. Rhg1 Qxh4 18. Rg5 Rfd8 19. f4 h6 20. Re5
Nc6 21. d5 Nxe5 22. fxe5 R6d7 23. f4 exd5 24. Bxd7 Rxd7 25. cxd5 Qe7 26. Kb1
Rd8 27. f5 Re8 28. Re1 Qg5 29. Qe4 h5 30. e6 fxe6 31. dxe6 h4 32. e7 Qf6 33.
Qd5+ Qf7 34. Qd7 h3 35. f6 h2 36. Qc6 gxf6 37. Qg2+ Qg7 38. Qd5+ Qf7 39. Qg2+
Qg7 40. Qd5+ Kh8 41. Ka1 Qg3 42. Rf1 Qe5 43. Qd2 Rxe7 44. Qh6+ Kg8 45. Rd1 Rg7
46. Rd8+ Kf7 47. Rd7+ Ke6 48. Rd1 Rg1 49. Qh3+ f5 50. Qh6+ Kf7 51. Qh7+ Kf8 0-1

[Event "SM-gruppen"]
[Site "Växjö"]
[Date "2008.06.30"]
[Round "3"]
[White "Brynell , Stellan "]
[Black "Agrest , Evgenij"]
[Result "0-1"]
[WhiteElo "2461"]
[BlackElo "2567"]
[PlyCount "124"]
[TimeControl "40/7200:20/3600:1800"]

1. d4 d5 2. c4 c6 3. Nc3 Nf6 4. e3 e6 5. Nf3 Nbd7 6. Bd3 dxc4 7. Bxc4 b5 8. Bd3
Bd6 9. O-O O-O 10. Ne2 a6 11. a4 b4 12. e4 e5 13. Bg5 h6 14. Bh4 c5 15. d5 g5
16. Bg3 c4 17. Bxc4 Nxe4 18. Bd3 Nec5 19. Bf5 Qf6 20. Qc2 Re8 21. a5 Bb7 22.
Rad1 Rac8 23. Qb1 Rcd8 24. h4 e4 25. Nfd4 Nf8 26. hxg5 hxg5 27. Bg4 Bxd5 28.
Bxd6 Rxd6 29. f3 e3 30. Nf5 Rdd8 31. Rfe1 Bb3 32. Rxd8 Rxd8 33. Neg3 e2 34.
Nxe2 Nd3 35. Rf1 Qe5 36. Neg3 Ng6 37. Ne4 Be6 38. Rd1 Ngf4 39. Nh6+ Kg7 40.
Bxe6 Qd4+ 41. Kf1 Kxh6 42. Bg4 Nxg2 43. Rxd3 Qxd3+ 44. Qxd3 Rxd3 45. Kxg2 Rb3
46. Bc8 Rxb2+ 47. Kg3 Ra2 48. Bxa6 Rxa5 49. Bc4 f5 50. Nd2 Ra1 51. Kf2 Rc1 52.
Ke3 Re1+ 53. Kd3 g4 54. fxg4 fxg4 55. Bd5 g3 56. Ba8 Rc1 57. Ke2 Kh5 58. Be4
Kg4 59. Bd5 Kf4 60. Bb7 Rc7 61. Bg2 Rc3 62. Bd5 Re3+ 0-1

[Event "SM-gruppen"]
[Site "Växjö"]
[Date "2008.06.30"]
[Round "3"]
[White "Berg , Emanuel"]
[Black "Grandelius, Nils"]
[Result "1-0"]
[WhiteElo "2601"]
[BlackElo "2388"]
[PlyCount "69"]
[TimeControl "40/7200:20/3600:1800"]

1. e4 e5 2. Nf3 Nc6 3. Bb5 Nf6 4. d3 Bc5 5. c3 O-O 6. O-O d6 7. Nbd2 a6 8. Ba4
Ba7 9. h3 Ne7 10. Re1 Ng6 11. Nf1 h6 12. Ng3 Nh7 13. d4 Qf6 14. Be3 Nh4 15.
Nxh4 Qxh4 16. Qh5 Qxh5 17. Nxh5 Ng5 18. f4 Nxe4 19. dxe5 Nc5 20. Bc2 dxe5 21.
b4 Nd7 22. Bxa7 Rxa7 23. fxe5 Re8 24. Rad1 Ra8 25. Re3 Kf8 26. Rde1 a5 27. Bb3
a4 28. Bc2 Ra6 29. Nf4 b5 30. Bd3 c6 31. c4 bxc4 32. Bxc4 Ra8 33. e6 Nf6 34.
exf7 Rxe3 35. Ng6# 1-0

[Event "SM-gruppen"]
[Site "Växjö"]
[Date "2008.07.01"]
[Round "4"]
[White "Tikkanen, Hans"]
[Black "Grandelius, Nils"]
[Result "1/2-1/2"]
[WhiteElo "2437"]
[BlackElo "2388"]
[PlyCount "25"]
[TimeControl "40/7200:20/3600:1800"]

1. d4 Nf6 2. c4 e6 3. Nc3 Bb4 4. Nf3 c5 5. g3 Ne4 6. Qd3 Qa5 7. Qxe4 Bxc3+ 8.
Bd2 Bxd2+ 9. Nxd2 Nc6 10. dxc5 b6 11. Bg2 Bb7 12. Qb1 bxc5 13. b3 1/2-1/2

[Event "SM-gruppen"]
[Site "Växjö"]
[Date "2008.07.01"]
[Round "4"]
[White "Hedman, Erik "]
[Black "Lindberg , Bengt"]
[Result "0-1"]
[WhiteElo "2363"]
[BlackElo "2442"]
[PlyCount "40"]
[TimeControl "40/7200:20/3600:1800"]

1. e4 c5 2. Nf3 e6 3. Nc3 Nc6 4. Bb5 Nd4 5. O-O a6 6. Bd3 Nc6 7. Re1 g5 8. h3
h5 9. Bf1 g4 10. Nh2 Bd6 11. g3 gxh3 12. e5 Bxe5 13. Rxe5 Nxe5 14. d4 cxd4 15.
Qxd4 f6 16. f4 Nc6 17. Qd3 Nge7 18. Ne4 Nf5 19. Bxh3 d5 20. Nc5 Nce7 0-1

[Event "SM-gruppen"]
[Site "Växjö"]
[Date "2008.07.01"]
[Round "4"]
[White "Agrest  , Evgenij "]
[Black "Hillarp-Persson  , Tiger"]
[Result "1/2-1/2"]
[WhiteElo "2567"]
[BlackElo "2491"]
[PlyCount "35"]
[TimeControl "40/7200:20/3600:1800"]

1. d4 Nf6 2. c4 g6 3. g3 Bg7 4. Bg2 O-O 5. Nc3 d6 6. Nf3 Nbd7 7. O-O e5 8. e4
a6 9. h3 b5 10. dxe5 dxe5 11. Be3 Bb7 12. Nd2 c6 13. a3 Qe7 14. b4 c5 15. Qb3
Rfc8 16. cxb5 axb5 17. Nxb5 Bf8 18. Rfd1 1/2-1/2

[Event "SM-gruppen"]
[Site "Växjö"]
[Date "2008.07.01"]
[Round "4"]
[White "Nithander, Victor "]
[Black "Berg , Emanuel"]
[Result "1/2-1/2"]
[WhiteElo "2319"]
[BlackElo "2601"]
[PlyCount "51"]
[TimeControl "40/7200:20/3600:1800"]

1. e4 e5 2. Nf3 Nc6 3. Bc4 Bc5 4. O-O Nf6 5. d3 d6 6. c3 Bb6 7. Nbd2 O-O 8. Bb3
Ne7 9. Nc4 Ng6 10. Nxb6 axb6 11. Re1 h6 12. h3 Nh7 13. Nh2 Qh4 14. Qf3 Kh8 15.
Qg3 Qxg3 16. fxg3 f5 17. exf5 Bxf5 18. d4 exd4 19. cxd4 Nf6 20. g4 Be4 21. g5
hxg5 22. Bxg5 d5 23. Rad1 Nh5 24. Rd2 Nhf4 25. Bxf4 Nxf4 26. Nf1 1/2-1/2

[Event "SM-gruppen"]
[Site "Växjö"]
[Date "2008.07.01"]
[Round "4"]
[White "Carlsson, Pontus"]
[Black "Karlsson, Lars "]
[Result "1/2-1/2"]
[WhiteElo "2513"]
[BlackElo "2475"]
[PlyCount "87"]
[TimeControl "40/7200:20/3600:1800"]

1. e4 g6 2. d4 d6 3. Nc3 Bg7 4. f4 Nf6 5. Nf3 O-O 6. Bd3 Na6 7. O-O c5 8. d5
Bg4 9. Bc4 Nd7 10. Qe2 Nc7 11. h3 Bxf3 12. Qxf3 a6 13. a4 Rb8 14. a5 b5 15.
axb6 Nxb6 16. Be2 Qc8 17. Nd1 e6 18. dxe6 fxe6 19. c3 d5 20. Nf2 Nd7 21. Qg3
Nf6 22. e5 Nd7 23. h4 Qe8 24. Ra5 c4 25. Qh3 Qe7 26. h5 Nc5 27. hxg6 hxg6 28.
Be3 Nb3 29. Ra2 Kf7 30. Qg3 Rh8 31. Nh3 Qh4 32. Qf3 Bf8 33. Bd1 Be7 34. Bc2 Kg7
35. Bf2 Qh5 36. Qe3 Bc5 37. Qg3 Be7 38. Qe3 Bc5 39. Qe1 Qh4 40. Bxb3 Bxf2+ 41.
Qxf2 Qxf2+ 42. Rxf2 Rxb3 43. Ng5 Rb6 44. Nf3 1/2-1/2

[Event "SM-gruppen"]
[Site "Växjö"]
[Date "2008.07.01"]
[Round "4"]
[White "Åkesson , Ralf"]
[Black "Hector , Jonny"]
[Result "1/2-1/2"]
[WhiteElo "2466"]
[BlackElo "2532"]
[PlyCount "62"]
[TimeControl "40/7200:20/3600:1800"]

1. Nf3 d5 2. d4 Nf6 3. c4 c6 4. e3 Bf5 5. Nc3 e6 6. Nh4 Be4 7. f3 Bg6 8. Qb3
Qb6 9. Nxg6 hxg6 10. Bd2 Nbd7 11. f4 Qxb3 12. axb3 Nh5 13. Kf2 f5 14. Bd3 Nhf6
15. h3 Kf7 16. c5 Be7 17. b4 a6 18. g3 Rac8 19. Kg2 Ne8 20. g4 Ndf6 21. g5 Ne4
22. Bxe4 dxe4 23. Na4 Bd8 24. b3 Bc7 25. Nb2 Rd8 26. Nc4 Ke7 27. Bc3 Rh5 28. h4
Rd5 29. Kg3 Rd8 30. Rhd1 Rd5 31. Be1 Rh8 1/2-1/2

[Event "SM-gruppen"]
[Site "Växjö"]
[Date "2008.07.01"]
[Round "4"]
[White "Smith , Axel "]
[Black "Brynell, Stellan"]
[Result "1/2-1/2"]
[WhiteElo "2428"]
[BlackElo "2461"]
[PlyCount "27"]
[TimeControl "40/7200:20/3600:1800"]

1. e4 e6 2. d4 d5 3. Nc3 dxe4 4. Nxe4 Be7 5. Nf3 Nf6 6. Nxf6+ Bxf6 7. Be3 c5 8.
Qd2 Nc6 9. O-O-O cxd4 10. Nxd4 Bxd4 11. Bxd4 Qxd4 12. Qxd4 Nxd4 13. Rxd4 Bd7
14. Bd3 1/2-1/2

[Event "SM-gruppen"]
[Site "Växjö"]
[Date "2008.07.02"]
[Round "5"]
[White "Hector, Jonny "]
[Black "Tikkanen , Hans"]
[Result "0-1"]
[WhiteElo "2532"]
[BlackElo "2437"]
[PlyCount "136"]
[TimeControl "40/7200:20/3600:1800"]
[TimeControl "40/7200:20/3600:1800"]

1. d4 d5 2. Nc3 Nf6 3. Bg5 Nbd7 4. Nf3 e6 5. e4 h6 6. Bxf6 Nxf6 7. e5 Nd7 8.
Bd3 c5 9. O-O cxd4 10. Nb5 Bc5 11. Qe2 a6 12. Nbxd4 Qc7 13. c3 Be7 14. a4 Nc5
15. Bc2 b6 16. b4 Ne4 17. Bxe4 dxe4 18. Qxe4 Bb7 19. Qe3 Rc8 20. Rac1 O-O 21.
Rfd1 Rfd8 22. h3 Qd7 23. Ra1 Qd5 24. Ne1 Qe4 25. Qxe4 Bxe4 26. Ne2 a5 27. bxa5
bxa5 28. Nf3 Rxd1+ 29. Rxd1 Bc2 30. Ra1 Rc4 31. Ned4 Bd3 32. Nb5 Bc5 33. Ne1
Be2 34. Nc2 Bd3 35. Ne3 Bxe3 36. fxe3 Rc5 37. c4 Rxc4 38. Ra3 Bg6 39. Nd4 Rc5
40. Kf2 Rxe5 41. Rc3 Be4 42. Rc8+ Kh7 43. Rc7 Kg6 44. Ne2 Kf6 45. g4 Bg6 46.
Nc3 Kg5 47. Ne2 h5 48. Nd4 hxg4 49. hxg4 Kxg4 50. Nf3 Re4 51. Rc5 f6 52. Rc1 e5
53. Rh1 Be8 54. Rg1+ Kf5 55. Rxg7 Rxa4 56. Kg3 Bc6 57. Nh4+ Ke6 58. Rc7 Kd6 59.
Rf7 Ke6 60. Rc7 Be4 61. Ra7 Ra1 62. Ra6+ Kd5 63. Rxf6 a4 64. Ra6 a3 65. Ra5+
Kd6 66. Nf3 a2 67. Ra6+ Kc7 68. Nxe5 Bb7 0-1